 Dungeon Crawl Stone Soup version 0.21.1-1-g345015f (webtiles) character file.

16 shakethe the Shield-Bearer (level 2, -1/19 HPs)
             Began as a Gargoyle Fighter on Feb 10, 2018.
             Slain by a gnoll
             ... wielding a +0 halberd
              (7 damage)
             ... on level 2 of the Dungeon.
             The game lasted 00:01:56 (863 turns).

shakethe the Shield-Bearer (Gargoyle Fighter)        Turns: 863, Time: 00:01:57

Health: -1/19      AC:  9    Str: 19    XL:     2   Next: 58%
Magic:  2/2        EV:  7    Int:  8    God:
Gold:   47         SH:  9    Dex:  9    Spells: 1/1 levels left

rFire    . . .     SeeInvis .   a - +0 flail
rCold    . . .     Gourm    .   c - +0 shield
rNeg     + . .     Faith    .   b - +0 scale mail
rPois    ∞         Spirit   .   (no helmet)
rElec    +         Reflect  .   (no cloak)
rCorr    .         Harm     .   (no gloves)
MR       .....                  (no boots)
Stlth    ..........             (no amulet)
HPRegen  0.06/turn              (no ring)
MPRegen  0.08/turn              (no ring)

@: no status effects
A: negative energy resistance 1, electricity resistance, unbreathing,
petrification resistance, rot immunity, AC +2
a: no special abilities


You were on level 2 of the Dungeon.
You were not hungry.

You visited 1 branch of the dungeon, and saw 2 of its levels.

You collected 47 gold pieces.

Inventory:

Hand Weapons
 a - a +0 flail (weapon)
Armour
 b - a +0 scale mail (worn)
 c - a +0 shield (worn)
Scrolls
 g - a scroll of noise {unknown}
 h - a scroll of enchant weapon {unknown}
 i - a scroll of random uselessness {unknown}
 k - a scroll of teleportation {unknown}
Potions
 d - a potion of might
 e - a potion of agility {unknown}
 j - a potion of mutation {unknown}
Comestibles
 f - 5 rations


   Skills:
 - Level 3.2 Fighting
 + Level 2.3 Maces & Flails
 - Level 3.2 Armour
 + Level 0.1 Stealth
 + Level 3.9 Shields


You had one spell level left.
You didn't know any spells.

Dungeon Overview and Level Annotations

Branches:
Dungeon (2/15)

Altars:


Innate Abilities, Weirdness & Mutations

You are resistant to torment.
Your stone body is resilient. (AC +2)
You are immune to poison.
You resist negative energy. (rN+)
You are resistant to electric shocks. (rElec)
You can survive without breathing.
You are immune to petrification.
You are immune to rotting.


Message History

You closely miss the kobold. The kobold hits you but does no damage.
You hit the kobold. The kobold barely misses you.
The kobold hits you but does no damage.
You hit the kobold. The kobold hits you but does no damage.
You closely miss the kobold. You block the kobold's attack.
You hit the kobold.
You kill the kobold!
You see here a dagger.
You now have 47 gold pieces (gained 8).
You open the door.
There is an open door here.
You open the door.
There is an open door here.
You open the door.
There is an open door here.
You see here a short sword.
i - a scroll labeled WOSKAZ FEUK Health restored: 19
k - a scroll labeled FAL OSCHEMICABB Done exploring.
There is a stone staircase leading down here.
You can't go up here!
You can't go up here!
You climb downwards.
A rat comes into view.
There is a stone staircase leading up here.
The rat moves out of view.
You hit the rat but do no damage. The rat bites you.
You take 2 damage, and have 17/19 hp.
You closely miss the rat. The rat bites you but does no damage.
You barely miss the rat. The rat bites you but does no damage.
You block the rat's attack.
You barely miss the rat. The rat bites you but does no damage.
You hit the rat but do no damage. You block the rat's attack.
You hit the rat.
You kill the rat!
A kobold comes into view.
The kobold shouts!
The kobold hits you.
You miss the kobold. You block the kobold's attack.
You barely miss the kobold. You block the kobold's attack. x2
You thump the kobold!
You kill the kobold!
A goblin comes into view. It is wielding a club.
The goblin shouts!
You hear a shout! x2
An ooze comes into view.
A hobgoblin comes into view. It is wielding a club.
The hobgoblin shouts!
The goblin closely misses you.
You barely miss the goblin. The goblin hits you but does no damage.
A gnoll comes into view. It is wielding a halberd.
You closely miss the goblin.
The gnoll shouts!
The hobgoblin hits you but does no damage.
You block the goblin's attack. You block the hobgoblin's attack.
An adder comes into view.
Your shield and scale mail prevent you from hitting the goblin.
You block the goblin's attack. x2
You hit the goblin. You block the goblin's attack.
You closely miss the goblin. The goblin hits you but does no damage.
You closely miss the goblin.
The adder hisses angrily.
The goblin barely misses you.
Your shield and scale mail prevent you from hitting the goblin.
The goblin hits you but does no damage.
You closely miss the goblin. You block the goblin's attack. x2
You barely miss the goblin. The goblin hits you but does no damage.
You closely miss the goblin. You block the goblin's attack.
You hit the goblin but do no damage. You block the goblin's attack.
The goblin closely misses you.
Your shield and scale mail prevent you from hitting the goblin.
The goblin hits you but does no damage.
You barely miss the goblin. The goblin barely misses you.
You hit the goblin. The goblin hits you but does no damage.
You closely miss the goblin. You block the goblin's attack. x2
You barely miss the goblin. The goblin hits you but does no damage.
Health restored: 19 You barely miss the goblin.
You block the goblin's attack.
You closely miss the goblin. The goblin barely misses you.
You closely miss the goblin. You block the goblin's attack.
You sock the goblin!
You kill the goblin!
You block the ooze's attack.
Your shield and scale mail prevent you from hitting the ooze.
The gnoll hits you from afar with a halberd!
The ooze barely misses you.
You take 7 damage, and have 12/19 hp.
MASSIVE DAMAGE!!
You hit the ooze. You block the gnoll's attack.
The ooze hits you but does no damage.
You sock the ooze!
You kill the ooze!
You block the gnoll's attack. The gnoll hits you with a halberd.
Things that are here:
a club; a goblin corpse You take 6 damage, and have 6/19 hp.
MASSIVE DAMAGE!!
You sock the gnoll! The gnoll hits you with a halberd!
You die...

####..S ###### .......
#....# . ......g ###+#+#
#....#.. ....... #......
+....... .......
#.#.#.####.....# .......
#.#.#.....<....#
......g##.#.#....#.....#
......Sg@..............#
#########.#.#..#.#.....#
#.#.#..#.+.....#
#.#.#.####....## #.#.#..
.....# #.#.### ######
..#.# ....# ###


You could see a gnoll, an adder and a hobgoblin.

Vanquished Creatures
  An ooze (D:2)
  A giant cockroach (D:1)
  A goblin (D:2)
  A hobgoblin (D:1)
  4 kobolds
  A frilled lizard (D:1)
  3 rats
12 creatures vanquished.

Notes
Turn   | Place    | Note
-------+----------+-------------------------------------------
     0 | D:1      | shakethe the Gargoyle Fighter began the quest for the Orb.
     0 | D:1      | Reached XP level 1. HP: 14/14 MP: 1/1
   333 | D:1      | Reached XP level 2. HP: 19/19 MP: 2/2
   863 | D:2      | Slain by a gnoll

Action                   || total
-------------------------++-------
Melee: Flail             ||    69
Armor: Scale mail        ||    32
Dodge: Dodged            ||    11
Block: Shield            ||    35

Vault maps used:
D:1:      matt_arrival_diagonals
D:2:      chequers_ecumenical_altar_simple, uniq_terence

Table legend:
 A = Turns spent in this place as a percentage of turns spent in the entire game.
 B = Non-inter-level travel turns spent in this place as a percentage of non-inter-level travel turns spent in the entire game.
 C = Inter-level travel turns spent in this place as a percentage of turns spent in this place.
 D = Turns resting spent in this place as a percentage of non-inter-level travel turns spent in this place.
 E = Turns spent auto-exploring this place as a percentage of non-inter-level travel turns spent in this place.
 F = Non-inter-level travel turns spent in this place divided by the number of levels of this place that you've seen.
                   A       B       C       D       E      F
               +-------+-------+-------+-------+-------+----------------------
         Total | 100.0 | 100.0 |   0.0 |   0.0 |  70.8 | 431.5
       Dungeon | 100.0 | 100.0 |   0.0 |   0.0 |  70.8 | 431.5
               +-------+-------+-------+-------+-------+----------------------

Table legend:
 A = Kills in this place as a percentage of kills in entire the game.
 B = Kills by you in this place as a percentage of kills by you in the entire game.
 C = Kills by friends in this place as a percentage of kills by friends in the entire game.
 D = Other kills in this place as a percentage of other kills in the entire game.
 E = Experience gained in this place as a percentage of experience gained in the entire game.
 F = Experience gained in this place divided by the number of levels of this place that you have seen.
                   A       B       C       D       E      F
               +-------+-------+-------+-------+-------+----------------------
         Total | 100.0 | 100.0 |   N/A |   N/A | 100.0 |  12.0
       Dungeon | 100.0 | 100.0 |   N/A |   N/A | 100.0 |  12.0
               +-------+-------+-------+-------+-------+----------------------
